 Dungeon Crawl Stone Soup version 0.30-a0-6-g7c9e10e132 (webtiles) character file.

Game seed: 3217974826889673162

44 Setbun the Cudgeller (level 3, -1/31 HPs)
             Began as a Minotaur Fighter on Aug 22, 2022.
             Slain by a scorpion (2 damage)
             ... on level 5 of the Dungeon.
             The game lasted 00:01:13 (1828 turns).

Setbun the Cudgeller (Minotaur Fighter)             Turns: 1828, Time: 00:01:13

Health: -1/31      AC:  6    Str: 22    XL:     3   Next: 41%
Magic:  2/2        EV:  8    Int: 11    God:
Gold:   181        SH: 10    Dex:  9    Spells: 2/2 levels left

rFire   . . .      SeeInvis .    a - +0 flail
rCold   . . .      Faith    .    o - +2 kite shield
rNeg    . . .      Spirit   .    b - +0 scale mail
rPois   .          Reflect  .    (helmet restricted)
rElec   .          Harm     .    (no cloak)
rCorr   .          Rampage  .    (no gloves)
Will    .....                    (no boots)
Stlth   ..........               (no amulet)
HPRegen 0.10/turn                n - +6 ring of intelligence
MPRegen 0.08/turn                (no ring)

@: no status effects
A: horns 2, retaliatory headbutt
a: no special abilities


You were on level 5 of the Dungeon.
You visited 1 branch of the dungeon, and saw 4 of its levels.

You collected 181 gold pieces.

Inventory:

Hand Weapons
 a - a +0 flail (weapon)
Armour
 b - a +0 scale mail (worn)
 c - a +0 buckler
 o - a +2 kite shield (worn)
Jewellery
 n - a +6 ring of intelligence (left hand)
Scrolls
 f - a scroll of teleportation {unknown}
 g - a scroll of summoning {unknown}
 j - 2 scrolls of fear {unknown}
 l - a scroll of immolation {unknown}
Potions
 d - 2 potions of might
 e - a potion of curing {unknown}
 h - a potion of flight {unknown}
 i - a potion of resistance {unknown}
 k - a potion of degeneration {unknown}
 m - a potion of lignification {unknown}


   Skills:
 - Level 3.6 Fighting
 * Level 2.5(3.5) Axes
 + Level 3.7(4.1) Maces & Flails
 - Level 3.6 Armour
 - Level 3.6 Shields


You had 2 spell levels left.
You didn't know any spells.
Your spell library contained the following spells:

 Spells                   Type           Power      Damage    Failure   Level
 Slow                     Hex            0%         N/A       95%         1
 Confusing Touch          Hex            0%         N/A       100%        3
 Vampiric Draining        Necr           0%         2d6       100%        3


Dungeon Overview and Level Annotations

Branches:
Dungeon (3/15)

Altars:

Annotations:
D:5 Eustachio


Innate Abilities, Weirdness & Mutations

You have a pair of horns on your head.
You reflexively headbutt those who attack you in melee.


Message History

The white imp gestures at you. The puff of frost hits you.
The worm closely misses you. You furiously retaliate!
You headbutt the worm!
You are too injured to fight recklessly!
You are too injured to fight recklessly!
You are too injured to fight recklessly!
You are too injured to fight recklessly!
You are too injured to fight recklessly!
You are too injured to fight recklessly!
You are too injured to fight recklessly!
You are too injured to fight recklessly!
You are too injured to fight recklessly!
You are too injured to fight recklessly!
You are too injured to fight recklessly!
You are too injured to fight recklessly!
You are too injured to fight recklessly!
You are too injured to fight recklessly!
You are too injured to fight recklessly!
You are too injured to fight recklessly!
You are too injured to fight recklessly!
You are too injured to fight recklessly!
You are too injured to fight recklessly!
You sock Eustachio!
Eustachio is moderately wounded.
You block Eustachio's attack.
You sock Eustachio!
Eustachio is heavily wounded.
Eustachio hits you with a +0 falchion. The white imp gestures at you.
The puff of frost hits you!
* * * LOW HITPOINT WARNING * * *
The worm bites you but does no damage. Eustachio barely misses you.
You furiously retaliate!
You headbutt Eustachio, but do no damage.
You barely miss Eustachio. Your headbutt misses Eustachio.
Eustachio is heavily wounded.
Eustachio casts a spell.
Eustachio blinks!
The worm bites you but does no damage. The scorpion attacks as you move away!
The scorpion stings you.
You die...

...........## ###
..... ......# #<..
.....##.#...##... .
................ ..
..............##..#
....@..............
......s.......#....
......w@...:.......
.........#...####..
.......5.#...##
.........#....#
.....<...###.......
#.###..... #.....#
# #.#... ......
....... .###.. ##
##


You could see Eustachio, a worm, a scorpion and a white imp.

Vanquished Creatures
  A dart slug (D:1)
  A worm (D:2)
  2 ball pythons (D:1)
  5 endoplasms
  2 giant cockroaches
  3 goblins
  2 hobgoblins
  4 jackals (D:1)
  4 kobolds
  A quokka (D:1)
  2 bats
  2 frilled lizards (D:2)
  7 rats
36 creatures vanquished.

Notes
Turn   | Place    | Note
-------+----------+-------------------------------------------
     0 | D:1      | Setbun the Minotaur Fighter began the quest for the Orb.
     0 | D:1      | Reached XP level 1. HP: 19/19 MP: 0/0
    95 | D:1      | Reached skill level 1 in Axes
   158 | D:1      | Reached XP level 2. HP: 20/26 MP: 1/1
   735 | D:1      | Reached XP level 3. HP: 27/31 MP: 2/2
  1175 | D:2      | Found a faded altar of an unknown god.
  1816 | D:3      | You fall into a shaft and drop 2 floors!
  1816 | D:5      | Entered Level 5 of the Dungeon
  1821 | D:5      | Noticed Eustachio
  1824 | D:5      | Noticed a scorpion
  1826 | D:5      | HP: 1/31 [white imp/puff of frost (9)]
  1828 | D:5      | Slain by a scorpion

Illustrated notes

Levels and vault maps discovered:
D:1:      minmay_arrival_radiant_lines, layout_loops_ring
D:2:      layout_loops_ring, shapermc_ecumenical_altar_totnotflames,
          kennysheep_generic_room_15
D:3:      layout_basic, nicolae_vehumet_altar_sigil
D:5:      layout_rooms, uniq_eustachio

Skill      XL: |  1  2 |
---------------+-------+-----
Axes           | 1 2 |  2.5
Maces & Flails | 3 |  3.7
Fighting       | |  3.6
Armour         | |  3.6
Shields        | |  3.6

Action                   || total
-------------------------++-------
Melee: Flail             ||    93
       Headbutt          ||     9
Armor: Scale mail        ||    34
Dodge: Dodged            ||    38
Block: Buckler           ||    18
       Kite shield       ||     3

Table legend: (Time is in decaauts)
 A = Elapsed time spent in this place.
 B = Non-inter-level travel time spent in this place.
 C = Inter-level travel time spent in this place.
 D = Time resting spent in this place.
 E = Time spent auto-exploring this place.
 F = Levels seen in this place.
 G = Mean time per level.
                   A        B        C        D        E       F      G
               +--------+--------+--------+--------+--------+-----+--------+
         Total |   1852 |   1790 |     62 |      0 |   1550 |   4 |  463.0 |
       Dungeon |   1852 |   1790 |     62 |      0 |   1550 |   4 |  463.0 |
               +--------+--------+--------+--------+--------+-----+--------+

Top non-repeatable levels by time:
     D:1: 930 daAuts
     D:2: 856 daAuts
     D:3: 52 daAuts
     D:5: 13 daAuts
